 Dungeon Crawl Stone Soup version 0.28-a0-1184-g53156a8862 (webtiles) character file.

Game seed: 3150028148485974201

51 siradein the Caller (level 3, -6/19 HPs)
             Began as a Tengu Summoner on Dec 17, 2021.
             Killed by divine providence
             ... invoked by an orc priest
              (11 damage)
             ... on level 3 of the Dungeon.
             The game lasted 00:08:09 (2452 turns).

siradein the Caller (Tengu Summoner)                Turns: 2452, Time: 00:08:10

Health: -6/19      AC:  3    Str:  8    XL:     3   Next: 83%
Magic:  5/7        EV: 12    Int: 17    God:
Gold:   98         SH:  0    Dex: 14    Spells: 1/7 levels left

rFire   . . .      SeeInvis .   b - +0 long sword
rCold   . . .      Faith    .   (no shield)
rNeg    . . .      Spirit   .   c - +0 leather armour
rPois   .          Reflect  .   (helmet restricted)
rElec   .          Harm     .   (no cloak)
rCorr   .          Rampage  .   (no gloves)
Will    .....                   (boots unavailable)
Stlth   ++........              (no amulet)
HPRegen 0.06/turn               (no ring)
MPRegen 0.10/turn               (no ring)

@: no status effects
A: beak, talons 3
a: no special abilities


You were on level 3 of the Dungeon.
You visited 1 branch of the dungeon, and saw 3 of its levels.

You collected 124 gold pieces.
You spent 26 gold pieces at shops.

Inventory:

Hand Weapons
 b - a +0 long sword (weapon)
Armour
 c - a +0 leather armour (worn)
Scrolls
 a - a scroll of summoning
 e - a scroll of fear
 f - a scroll of immolation


   Skills:
 + Level 2.9 Dodging
 + Level 2.7 Stealth
 + Level 2.5 Spellcasting
 + Level 5.2 Summonings


You had one spell level left.
You knew the following spells:

 Your Spells              Type           Power      Damage    Failure   Level
a - Summon Small Mammal   Summ           80%        N/A       3%          1
b - Call Imp              Summ           20%        N/A       4%          2
c - Call Canine Familiar  Summ           20%        N/A       10%         3

Your spell library contained the following spells:

 Spells                   Type           Power      Damage    Failure   Level
 Summon Guardian Golem    Hex/Summ       11%        N/A       26%         3
 Summon Lightning Spire   Summ/Air       11%        N/A       65%         4


Dungeon Overview and Level Annotations

Branches:
Dungeon (3/15)

Altars:

Shops:
D:2 ?


Innate Abilities, Weirdness & Mutations

You have a beak for a mouth.
You have claws for feet.


Message History

There is an open door here.
f - a scroll labelled NUAD DYINKUYPO Done exploring.
Done exploring.
As you read the scroll of identify, it crumbles to dust.
f - a scroll of immolation
(D) Dungeon
Where to? (Enter - D:2, ? - help)
What level of the Dungeon? (default 1, ? - help)
There is an open door here.
There is a stone staircase leading down here.
You climb downwards.
Found a stone staircase leading down.
There is a stone staircase leading up here.
Okay, then.
You open the door.
There is an open door here.
You open the door.
There is an open door here.
You open the door.
There is an open door here.
You now have 98 gold pieces (gained 17).
You open the door. 3 orcs and an orc priest come into view.
The orc priest shouts!
The orc shouts! x2
A beastly little devil appears in a puff of flame.
Your crimson imp closely misses the orc.
Your crimson imp blinks!
The orc closely misses you.
Your crimson imp blinks!
Your crimson imp blinks!
The orc priest invokes the aid of Beogh against you.
Beogh smites you!
Ouch! That really hurt!
* * * LOW HITPOINT WARNING * * *
There is an open door here.
The orc priest invokes the aid of Beogh against you.
Beogh smites you!
Ouch! That really hurt!
You die...

#.........#
#.........#
+.........+
#.5...o...#
#..o..o...#
##'####o###
#.# #.# #o#
#o# #.# #@#
#.# #.# #.#
#.#
#.####'######
#.........#
#.........#
#.........#
#.........#
####'######


You could see an orc priest and 3 orcs.

Vanquished Creatures
  A dart slug (D:2)
  3 endoplasms
  4 giant cockroaches
  8 goblins
  2 hobgoblins
  A quokka (D:2)
  4 ball pythons
  6 bats (D:1)
  3 frilled lizards
  4 kobolds
  2 rats
38 creatures vanquished.

Vanquished Creatures (collateral kills)
  2 worms (D:2)
2 creatures vanquished.

Grand Total: 40 creatures vanquished

Notes
Turn   | Place    | Note
-------+----------+-------------------------------------------
     0 | D:1      | siradein the Tengu Summoner began the quest for the Orb.
     0 | D:1      | Reached XP level 1. HP: 10/10 MP: 4/4
   130 | D:1      | Found a faded altar of an unknown god.
   146 | D:1      | Reached XP level 2. HP: 15/15 MP: 6/6
   149 | D:1      | Learned a level 2 spell: Call Imp
   235 | D:1      | Reached skill level 5 in Summonings
   536 | D:1      | Reached XP level 3. HP: 19/19 MP: 7/7
   546 | D:1      | Learned a level 3 spell: Call Canine Familiar
  1923 | D:2      | Found Afyadaebb's Magic Scroll Emporium.
  1933 | D:2      | Bought a scroll of identify for 26 gold pieces
  2452 | D:3      | Killed from afar by an orc priest

Illustrated notes

Levels and vault maps discovered:
D:1:      lemuel_arrival_river_passageway, layout_loops_ring,
          basic_ecumenical_altar
D:2:      layout_loops_corners, serial_shops, shop, hangedman_glass_teeth
D:3:      layout_basic, nicolae_uskayaw_dance_hall,
          minmay_misc_feat_secret_circle, minmay_circle_x

Skill      XL: |  1  2 |
---------------+-------+-----
Summonings     | 5 |  5.2
Dodging        | |  2.9
Stealth        | |  2.7
Spellcasting   | |  2.5

Action                   || total
-------------------------++-------
Melee: Long sword        ||    70
       Kick              ||    11
       Peck              ||     5
 Cast: Call Imp          ||     5
       Call Canine Famil ||     1
  Use: Scroll            ||     3
 Stab: Sleeping          ||    10
Armor: Leather armour    ||    17
Dodge: Dodged            ||    48

Table legend: (Time is in decaauts)
 A = Elapsed time spent in this place.
 B = Non-inter-level travel time spent in this place.
 C = Inter-level travel time spent in this place.
 D = Time resting spent in this place.
 E = Time spent auto-exploring this place.
 F = Levels seen in this place.
 G = Mean time per level.
                   A        B        C        D        E       F      G
               +--------+--------+--------+--------+--------+-----+--------+
         Total |   2485 |   2423 |     62 |      0 |   2114 |   3 |  828.3 |
       Dungeon |   2485 |   2423 |     62 |      0 |   2114 |   3 |  828.3 |
               +--------+--------+--------+--------+--------+-----+--------+

Top non-repeatable levels by time:
     D:2: 1460 daAuts
     D:1: 943 daAuts
     D:3: 81 daAuts
